Match 47251448
Unlisted

Match 47251448
End
Construct Weapon Support Center
Engineer Squad
M1919 Machine Gun Team
Selects Heavy Weapons
M1919 Machine Gun Team
Bazooka Squad
Improved M9 Bazooka Rockets
Bazooka Squad
Selects Assault Carriers
Mechanized Support Center
Mortar Pit
M3 Assault Carrier
Scout Squad
Engineer Squad
Selects M2HB .50cal Heavy Machine Gun
Mortar Pit
Mortar Pit
.30 cal Machine Gun
Construct Tank Depot
Forward Retreat Point
Selects Exchangeable Parts
M4(105) Sherman Bulldozer
M4A1 Sherman Medium Tank
.30 cal Machine Gun
Selects Rapid Reposition
M3 Assault Carrier
M4A1 76mm Conversion
Improvised Armor
Engineer Squad
Designate Forward Repair Station
M4A1(76) Sherman Medium Tank
Engineer Squad
M1919 Machine Gun Team
M1919 Machine Gun Team
M3 Assault Carrier
Designate Forward Repair Station
M4A1(76) Sherman Medium Tank
Salvage Crew
Rapid Repairs
Selects M26 Pershing Heavy Tank
Anti-Something Squad
Arnie
WHO IS YOUR DADDY?
TheMallis
heroQw
mentoss
ㅋㅋㅋㅋㅋㅋㅋㅋㅋ
Lord Ludwig
0
0

Comments sign in to comment!

No comments posted yet!